 Dungeon Crawl Stone Soup version 0.31-a0-174-g85c54bcb58 (webtiles) character file.

Game seed: 15593680443354754758

8503 ytrimaz the Eclecticist (level 11, -7/68 HPs)
             Began as a Mummy Necromancer on June 13, 2023.
             Was a Follower of Kikubaaqudgha.
             Mangled by a red ugly thing (18 damage)
             ... on level 10 of the Dungeon on June 15, 2023.
             The game lasted 00:23:09 (12340 turns).

ytrimaz the Eclecticist (Mummy Necromancer)        Turns: 12340, Time: 00:23:10

Health: -7/68      AC: 13    Str: 13    XL:     11   Next: 10%
Magic:  20/31      EV: 11    Int: 27    God:    Kikubaaqudgha [*.....]
Gold:   882        SH:  0    Dex: 12    Spells: 26/42 levels left

rFire   . . .        c - +2 dagger (venom)
rCold   + . .        (no shield)
rNeg    + + +        n - +2 leather armour {rF+}
rPois   ∞            l - +1 helmet {Int+3}
rElec   .            a - scarf {repulsion}
rCorr   .            G - +1 pair of gloves {Stlth+}
SInv    .            (no boots)
Will    +....        (no amulet)
Stlth   ++           q - +4 ring of protection
HPRegen 0.31/turn    p - +6 ring of intelligence
MPRegen 0.22/turn

%: repel missiles, faith
@: no status effects
A: cold resistance 1, negative energy resistance 3, torment resistance 2, heat
vulnerability 1, in touch with death 1, no potions, faith
a: Renounce Religion, Unearth Wretches


You were on level 10 of the Dungeon.
You worshipped Kikubaaqudgha.
Kikubaaqudgha was aware of your devotion.
You visited 2 branches of the dungeon, and saw 11 of its levels.
You also visited: Sewer and Bailey.

You collected 882 gold pieces.


Innate Abilities, Weirdness & Mutations

You are immune to poison.
Your flesh is cold resistant. (rC+)
You are immune to negative energy. (rN+++)
You are immune to unholy pain and torment.
You are vulnerable to heat. (rF-)
You are in touch with the powers of death.
You do not drink.
You have a special connection with the divine. (Faith)


   Skills:
 - Level 1.5 Dodging
 - Level 1.5 Stealth
 - Level 16.0 Spellcasting
 + Level 11.6 Necromancy


You had 26 spell levels left.
You knew the following spells:

 Your Spells              Type           Power      Damage    Failure   Level
a - Necrotise             Necr           100%       1d9       1%          1
b - Vampiric Draining     Necr           90%        2d12      1%          3
c - Animate Dead          Necr           90%        N/A       1%          4
d - Agony                 Necr           90%        N/A       1%          5
e - Stone Arrow           Conj/Erth      42%        3d9       9%          3

Your spell library contained the following spells:

 Spells                   Type           Power      Damage    Failure   Level
 Cigotuvi's Dreadful Rot  Necr/Pois/Air  100%       N/A       1%          2
 Anguish                  Hex/Necr       34%        N/A       2%          4
 Freeze                   Ice            84%        1d9       3%          1
 Sandblast                Erth           42%        2d11      3%          1
 Ensorcelled Hibernation  Hex/Ice        42%        N/A       4%          2
 Passwall                 Tmut/Erth      17%        N/A       4%          2
 Frozen Ramparts          Ice            42%        1d7       9%          3
 Hailstorm                Conj/Ice       21%        3d6       9%          3
 Portal Projectile        Hex/Tloc       42%        N/A       9%          3
 Tukima's Dance           Hex            21%        N/A       9%          3
 Spider Form              Tmut/Pois      Unusable   N/A       N/A         3
 Blade Hands              Tmut           Unusable   N/A       N/A         5

Inventory:

Hand Weapons
 c - a +2 dagger of venom (weapon)
   (You took it off a kobold on level 2 of the Dungeon)
 E - the +10 flail of Omne {heavy, Str+3 Dex+2}
   (You took it off an orc knight in a bailey)

   Str:       It affects your strength (+3).
   Dex:       It affects your dexterity (+2).
Missiles
 f - a throwing net
Armour
 a - a scarf of repulsion (worn)
   (You found it on level 10 of the Dungeon)
 l - a +1 helmet of intelligence (worn)
   (You found it on level 4 of the Dungeon)
 n - a +2 leather armour of fire resistance (worn)
   (You took it off Eustachio on level 5 of the Dungeon)
 o - a +0 cloak
   (You found it in a sewer)
 u - +0 steam dragon scales
   (You found it on level 8 of the Dungeon)
 y - a +2 robe of willpower
   (You took it off Pikel on level 9 of the Dungeon)
 G - a +1 pair of gloves of stealth (worn)
   (You found it in a bailey)
Jewellery
 d - a ring of flight
   (You found it on level 1 of the Dungeon)
 p - a +6 ring of intelligence (right hand)
   (You found it on level 5 of the Dungeon)
 q - a +4 ring of protection (left hand)
   (You found it on level 6 of the Dungeon)
 t - a ring of see invisible
   (You found it on level 7 of the Dungeon)
 C - a +5 ring of evasion
   (You found it on level 10 of the Dungeon)
Wands
 r - a wand of flame (7)
   (You found it on level 7 of the Dungeon)
 z - a wand of iceblast (2)
   (You took it off a kobold demonologist on level 9 of the Dungeon)
 A - a wand of paralysis (5)
   (You found it on level 9 of the Dungeon)
 F - a wand of light (4)
   (You found it on level 10 of the Dungeon)
Scrolls
 b - 5 scrolls of teleportation
 e - 3 scrolls of blinking
 g - 2 scrolls of noise
 h - 5 scrolls of identify
 i - 2 scrolls of enchant armour
 j - 2 scrolls of amnesia
 k - a scroll of poison
 m - 3 scrolls of vulnerability
 s - 3 scrolls of revelation
 v - 4 scrolls of fog
 w - a scroll of torment
 x - a scroll of fear
 B - a scroll of brand weapon
 D - 3 scrolls of butterflies

Dungeon Overview and Level Annotations

Branches:
Dungeon (10/15) Zot: 26252  Temple (1/1) D:4 Zot: 5981    Lair (0/5) D:8
    Orc (0/2) D:9           Sewer (visited)          Bailey (visited)

Altars:
Ashenzari
Cheibriados
Dithmenos
Fedhas
Gozag
Hepliaklqana
Kikubaaqudgha
Makhleb
Nemelex Xobeh
Okawaru
Qazlal
Ru
Sif Muna
Trog
Uskayaw
Vehumet
Wu Jian
Xom
Yredelemnul

Annotations:
D:3 exclusion: door
D:10 1 runed translucent door

#..######...............#
#...........#'########..#
###...###.#...#..#,,*,,#..#
..............#..#,,+,,#..#
####..###.###.##'#+**+*#.##
#..........#..#,,*,,#.#
##.###.###.#..#,,*,,#.# #.#
#.###.##'####+*#.# #.#
#.....#.@+T.+,,#.#
#####.#######.#u.#..#,,#.#
....^..# #..##########.#
#####..#####.............#
#.(........#.######.##
#.##########.######>#
#####.# ######..#####.#
......# #######.#####.#
####### #######.#####.#


You could see a red ugly thing and a deep troll.


Message History

You take 4 damage, and now have 62/68 hp.
You lost 3 mp, and now have 19/31 mp.
Casting: Vampiric Draining (safe; 1% risk of failure)
Confirm with . or Enter, or press ? or * to list all spells.
Aiming: Vampiric Draining (safe; 1% risk of failure)
Press: ? - help, Shift-Dir - straight line, f/p - centaur warrior
Aim: a centaur warrior (almost dead)
You feel a surge of power!
You draw life force from the centaur warrior!
You kill the centaur warrior!
Kikubaaqudgha accepts your kill.
You feel life coursing into your body. 😕 HP[+5] MP[-2]
You regained 5 hp, and now have 67/68 hp.
You lost 2 mp, and now have 17/31 mp.
Things that are here:
a +0 orcbow; a centaur corpse Key pressed, stopping explore.
h - 6 scrolls of identify (gained 1)
Found an escape hatch in the ceiling. 😎 HP[+1] MP[+14]
Your hp is fully restored (68).
Your mp is fully restored (31).
Found a stone staircase leading down.
There is an escape hatch in the ceiling here.
There is a shaft here.
Key pressed, stopping explore.
You see here a staff of cold.
b - 5 scrolls of teleportation (gained 1) Key pressed, stopping explore.
As you read the scroll of identify, it crumbles to dust.
D - 3 scrolls of butterflies Key pressed, stopping explore.
F - a wand of light (4) Key pressed, stopping explore.
You open the door.
There is an open door here.
You now have 882 gold pieces (gained 14).
You open the door.
There is an open door here.
You open the door.
A red ugly thing comes into view.
Found a runed translucent door.
A red ugly thing is nearby!
A red ugly thing is nearby!
There is an open door here.
The deep troll shouts!
Casting: Vampiric Draining (safe; 1% risk of failure)
Confirm with . or Enter, or press ? or * to list all spells.
Aiming: Vampiric Draining (safe; 1% risk of failure)
Press: ? - help, Shift-Dir - straight line, f - red ugly thing
Aim: a red ugly thing (asleep)
You feel a surge of power!
The red ugly thing gurgles horribly!
You draw life force from the red ugly thing!
The red ugly thing trunk-slaps you!
You are engulfed in flames! 😮 HP[-21] MP[-3]
You take 21 damage, and now have 47/68 hp.
MASSIVE DAMAGE!! (PAUSE)
You lost 3 mp, and now have 28/31 mp.
Casting: Vampiric Draining (safe; 1% risk of failure)
Confirm with . or Enter, or press ? or * to list all spells.
Aiming: Vampiric Draining (safe; 1% risk of failure)
Press: ? - help, Shift-Dir - straight line, f/p - red ugly thing
Aim: a red ugly thing (lightly wounded)
You feel a surge of power!
You draw life force from the red ugly thing.
You feel life coursing into your body. The red ugly thing trunk-slaps you!
You are engulfed in flames!
* * * LOW HITPOINT WARNING * * *
😨 HP[-21] MP[-3]
You take 21 damage, and now have 26/68 hp.
MASSIVE DAMAGE!! (PAUSE)
You lost 3 mp, and now have 25/31 mp.
Unknown command.
Casting: Vampiric Draining (safe; 1% risk of failure)
Confirm with . or Enter, or press ? or * to list all spells.
Aiming: Vampiric Draining (safe; 1% risk of failure)
Press: ? - help, Shift-Dir - straight line, f/p - red ugly thing
Aim: a red ugly thing (moderately wounded)
You feel a surge of power!
You draw life force from the red ugly thing!!
You feel life coursing into your body! The red ugly thing trunk-slaps you.
* * * LOW HITPOINT WARNING * * *
You are engulfed in flames!!
* * * LOW HITPOINT WARNING * * *
😱 HP[-13] MP[-3]
You take 13 damage, and now have 13/68 hp.
You lost 3 mp, and now have 22/31 mp.
Casting: Vampiric Draining (safe; 1% risk of failure)
Confirm with . or Enter, or press ? or * to list all spells.
Aiming: Vampiric Draining (safe; 1% risk of failure)
Press: ? - help, Shift-Dir - straight line, f/p - red ugly thing
Aim: a red ugly thing (heavily wounded)
You feel a surge of power!
You draw life force from the red ugly thing!
You feel life coursing into your body. The red ugly thing trunk-slaps you.
* * * LOW HITPOINT WARNING * * *
You are engulfed in flames!!
You die...
Kikubaaqudgha rasps: "You have failed me!
Welcome... oblivion!"

Skill      XL: |  1  2  3  4  5  6  7  8  9 10 |
---------------+-------------------------------+-----
Spellcasting   | 3 4 5 6 8 11 13 16 | 16.0
Necromancy     | 5 6 7 8 9 11 | 11.6
Dodging        | |  1.5
Stealth        | |  1.5

Action                     |  1- 3 |  4- 6 |  7- 9 | 10-12 || total
---------------------------+-------+-------+-------+-------++-------
  Melee: Unarmed           |    27 |       |       |       ||    27
         Dagger            |       |    33 |    82 |    86 ||   201
         Punch             |       |       |     1 |       ||     1
   Cast: Necrotise         |    58 |    53 |   100 |    96 ||   307
         Vampiric Draining |       |    11 |    89 |    65 ||   165
         Agony             |       |     1 |     1 |     8 ||    10
         Stone Arrow       |       |       |       |     5 ||     5
         Animate Dead      |       |       |       |     3 ||     3
  Evoke: Wand              |       |       |    15 |     6 ||    21
    Use: Scroll            |     2 |     5 |     4 |     4 ||    15
   Stab: Distracted        |       |       |     1 |       ||     1
         Sleeping          |       |       |       |     1 ||     1
 Armour: Robe              |    11 |     8 |     5 |       ||    24
         Leather armour    |       |       |   106 |    97 ||   203
  Dodge: Dodged            |    43 |    35 |   164 |   117 ||   359
         Repelled          |       |       |       |     1 ||     1

Levels and vault maps discovered:
D:1:      dpeg_arrival_pits, layout_basic,
          hellmonk_ecumenical_altar_arch_garden, st_stairs_9,
          minmay_misc_feat_ornament
D:2:      layout_rooms, basic_altar
D:3:      minmay_recursive_quarters, layout_basic, good_gods_temple_1,
          yredelemnul_forgotten_temple_becter, lemuel_tele_altar,
          nzn_wu_jian_council_hall
D:4:      layout_loops_ring, dk_xom_monty_hall, temple_green,
          grunt_decor_junction, uniq_blork_the_orc
D:5:      layout_loops_ring, portal_sewer_entry_f, dk_vineyard_2, uniq_eustachio
D:6:      layout_gridville, mainiacjoe_overflow_brackets, lemuel_doored_altar,
          mainiacjoe_overflow_catwalk
D:7:      statuecave_lemuel, layout_rooms, okawaru_metal_pillars_1_2,
          mainiacjoe_overflow_alcove_4, beargit_hepliaklqana_dungeon_heroes,
          kennysheep_mini_moat, mainiacjoe_overflow_boulevard, serial_glass,
          glass_columns_b, glass_columns_a
D:8:      layout_basic, mainiacjoe_overflow_concentric_impassable,
          gammafunk_temple_overflow_pools, lair_entry_dummy,
          hangedman_decor_points, kennysheep_path_1
D:9:      layout_basic, general_overflow_altar, jmf_multi_god_temple2,
          mainiacjoe_overflow_small_starburst, hiddenorc2_lemuel,
          minmay_starry_boxes, uniq_pikel
D:10:     layout_loops_ring, enter_bailey_7, eino_small_chamber_without_monster,
          minivault_13
Temple:   ebering_the_none_and_only

Notes
Turn   | Place    | Note
-------+----------+-------------------------------------------
     0 | D:1      | ytrimaz the Mummy Necromancer began the quest for the Orb.
     0 | D:1      | Reached XP level 1. HP: 13/13 MP: 4/4
     0 | D:1      | magus.rc [v1.9.6]
    21 | D:1      | Reached skill level 3 in Spellcasting
   128 | D:1      | Reached XP level 2. HP: 19/19 MP: 1/6
   293 | D:1      | Found a faded altar of an unknown god.
   679 | D:1      | Gained mutation: You are in touch with the powers of death.
                  | [Mummy growth]
   679 | D:1      | Reached XP level 3. HP: 24/24 MP: 3/7
   683 | D:1      | Learned a level 3 spell: Vampiric Draining
  1034 | D:2      | You pick up a book of Dreams and begin reading...
  1034 | D:2      | You add the spells Ensorcelled Hibernation and Anguish to
                  | your library.
  1231 | D:2      | Reached skill level 5 in Necromancy
  1237 | D:2      | Reached XP level 4. HP: 27/30 MP: 4/9
  1241 | D:2      | Reached skill level 4 in Spellcasting
  1456 | D:2      | Found a shimmering altar of Xom.
  1649 | D:3      | Found a blossoming altar of Fedhas.
  1679 | D:3      | HP: 4/30 [orc/+0 flail (9)]
  1681 | D:3      | Reached XP level 5. HP: 6/35 MP: 2/11
  1846 | D:3      | Found a basalt altar of Yredelemnul.
  2623 | D:3      | Found an ornate altar of the Wu Jian Council.
  2675 | D:3      | Learned a level 4 spell: Animate Dead
  3016 | D:4      | Found a staircase to the Ecumenical Temple.
  3053 | Temple   | Entered the Ecumenical Temple
  3215 | D:4      | Reached skill level 5 in Spellcasting
  3215 | D:4      | Reached skill level 6 in Necromancy
  3267 | D:4      | Found a shimmering altar of Xom.
  3392 | D:4      | Noticed Blork the orc
  3400 | D:4      | Learned a level 5 spell: Agony
  3404 | D:4      | Killed Blork the orc
  3405 | D:4      | Reached XP level 6. HP: 41/41 MP: 1/14
  3702 | D:5      | Entered Level 5 of the Dungeon
  3707 | D:5      | Noticed a hornet
  3714 | D:5      | Killed a hornet
  3715 | D:5      | Reached skill level 6 in Spellcasting
  3879 | D:5      | Reached XP level 7. HP: 30/46 MP: 10/17
  3961 | D:5      | Reached skill level 7 in Spellcasting
  4003 | D:5      | HP: 8/46 [ogre/+0 giant club (19)]
  4120 | D:5      | Noticed Eustachio
  4127 | D:5      | Killed Eustachio
  4128 | D:5      | Reached skill level 8 in Spellcasting
  4128 | D:5      | Reached skill level 7 in Necromancy
  4354 | D:5      | Found a glowing drain.
  4370 | Sewer    | Entered a sewer
  4575 | D:5      | Reached XP level 8. HP: 52/52 MP: 8/20
  4762 | D:5      | Reached skill level 9 in Spellcasting
  5451 | D:6      | Found a broken altar of Ashenzari.
  5667 | D:6      | Reached skill level 10 in Spellcasting
  5667 | D:6      | Reached skill level 8 in Necromancy
  5926 | D:6      | Found a snail-covered altar of Cheibriados.
  6145 | D:6      | Found a shadowy altar of Dithmenos.
  6307 | D:7      | Found a bloodstained altar of Trog.
  6657 | D:7      | Reached skill level 11 in Spellcasting
  6661 | D:7      | You pick up a book of Weapons and begin reading...
  6661 | D:7      | You add the spells Tukima's Dance and Portal Projectile to
                  | your library.
  6673 | D:7      | Found a sparkling altar of Nemelex Xobeh.
  6691 | D:7      | Reached XP level 9. HP: 52/57 MP: 11/24
  6932 | D:7      | Found an iron altar of Okawaru.
  7010 | D:7      | Found a faded altar of an unknown god.
  7012 | D:7      | Found a hazy altar of Hepliaklqana.
  7260 | D:7      | You pick up a book of Frost and begin reading...
  7260 | D:7      | You add the spells Freeze, Frozen Ramparts and Hailstorm to
                  | your library.
  7432 | D:7      | Found an opulent altar of Gozag.
  7586 | D:8      | Reached skill level 12 in Spellcasting
  7586 | D:8      | Reached skill level 9 in Necromancy
  8275 | D:8      | Found a stormy altar of Qazlal.
  8355 | D:8      | Found a staircase to the Lair.
  8545 | D:8      | Found a shimmering blue altar of Sif Muna.
  8545 | D:8      | Found a burning altar of Makhleb.
  8841 | D:9      | Found a sacrificial altar of Ru.
  8848 | D:9      | Noticed Pikel
  8905 | D:9      | Killed Pikel
  8906 | D:9      | Reached skill level 13 in Spellcasting
  9016 | D:9      | Found a hide-covered altar of Uskayaw.
  9047 | D:9      | Noticed a kobold demonologist
  9051 | D:9      | Noticed an ice devil
  9052 | D:9      | Killed a kobold demonologist
  9053 | D:9      | Reached XP level 10. HP: 63/63 MP: 17/27
  9195 | D:9      | Reached skill level 10 in Necromancy
  9253 | D:9      | Reached skill level 14 in Spellcasting
  9257 | D:9      | HP: 12/63 [yak (7)]
  9269 | D:9      | HP: 15/63 [yak (1)]
  9458 | D:9      | Found a staircase to the Orcish Mines.
  9898 | D:9      | Found a large runed translucent door.
  9901 | D:9      | Found a large runed translucent door.
  9925 | D:9      | Reached skill level 15 in Spellcasting
 10785 | D:9      | Found an ancient bone altar of Kikubaaqudgha.
 10791 | D:9      | Became a worshipper of Kikubaaqudgha
 10821 | D:9      | Found a radiant altar of Vehumet.
 10853 | D:9      | Upgraded the game from 0.31-a0-164-g2312942fda to
                  | 0.31-a0-174-g85c54bcb58
 10853 | D:9      | magus.rc [v1.9.6]
 10871 | D:10     | Entered Level 10 of the Dungeon
 10886 | D:10     | Reached skill level 11 in Necromancy
 11058 | D:10     | You pick up a book of Geomancy and begin reading...
 11058 | D:10     | You add the spells Sandblast, Passwall and Stone Arrow to
                  | your library.
 11077 | D:10     | Found a flagged portal.
 11109 | Bailey   | Entered a bailey
 11371 | Bailey   | Reached * piety under Kikubaaqudgha
 11371 | Bailey   | Received a gift from Kikubaaqudgha
 11376 | Bailey   | Learned a level 3 spell: Stone Arrow
 11402 | Bailey   | Noticed an orc knight
 11403 | Bailey   | Noticed an orc knight
 11403 | Bailey   | Noticed an orc knight
 11404 | Bailey   | Noticed an orc knight
 11567 | Bailey   | Identified the +10 flail of Omne {heavy, Str+3 Dex+2}
 11567 | Bailey   | Identified a +0 crystal plate armour
 11631 | Bailey   | Killed an orc knight
 11962 | D:10     | Noticed a gargoyle
 11969 | D:10     | Killed a gargoyle
 11970 | D:10     | Reached skill level 16 in Spellcasting
 11970 | D:10     | Reached XP level 11. HP: 68/68 MP: 18/31
 12064 | D:10     | Noticed a centaur warrior
 12072 | D:10     | Killed a centaur warrior
 12334 | D:10     | Found a runed translucent door.
 12334 | D:10     | Noticed a red ugly thing
 12335 | D:10     | Noticed a deep troll
 12339 | D:10     | HP: 13/68 [red ugly thing (21)]
 12340 | D:10     | Mangled by a red ugly thing

Vanquished Creatures
  A centaur warrior (D:10)
  Pikel (D:9)
  An orc knight (Bailey)
  A gargoyle (D:10)
  A kobold demonologist (D:9)
  2 trolls (D:9)
  2 hornets
  Eustachio (D:5)
  6 yaks (D:9)
  3 steam dragons
  An acid dragon (D:9)
  A water moccasin (Sewer)
  4 orc warriors
  2 sky beasts
  A black bear (D:7)
  2 ogres
  5 centaurs
  A kobold brigand (D:9)
  A phantom (D:7)
  Blork the orc (D:4)
  3 bullfrogs
  A gnoll sergeant (D:8)
  2 scorpions
  5 wights (D:6)
  3 killer bees (D:9)
  2 electric eels (D:7)
  A howler monkey (D:7)
  4 jellies
  9 orc priests
  A gnoll bouda (D:6)
  A sleepcap (D:6)
  11 orc wizards
  13 gnolls
  8 adders
  A shadow imp (D:7)
  4 white imps
  An ufetubus (D:6)
  A worm (D:3)
  2 dart slugs
  76 orcs
  5 bats
  6 endoplasms
  6 giant cockroaches
  15 goblins
  3 hobgoblins (D:2)
  7 jackals
  3 quokkas
  3 ball pythons
  6 frilled lizards
  13 kobolds
  4 rats
258 creatures vanquished.

Vanquished Creatures (collateral kills)
  4 yaks (D:9)
  A wight (D:9)
  6 orcs (D:9)
  2 endoplasms
  A goblin (D:2)
  A frilled lizard (D:2)
15 creatures vanquished.

Vanquished Creatures (others)
  A troll zombie (D:9)
  A yak zombie (D:9)
2 creatures vanquished.

Grand Total: 275 creatures vanquished

Table legend:
 A = Non-vault XP
 B = Vault XP
 C = Vault XP percentage of total XP
 D = Non-vault monster count
 E = Vault monster count
 F = Vault count percentage of total count
                 A         B        C        D         E       F
            +---------+---------+-------+---------+---------+-------
      Total |    8889 |    3259 |  26.8 |     181 |      92 |  33.7
            +---------+---------+-------+---------+---------+-------
        D:1 |      40 |       5 |  11.1 |      24 |       3 |  11.1
        D:2 |     102 |       0 |   0.0 |      24 |       0 |   0.0
        D:3 |      64 |      26 |  28.9 |      11 |      10 |  47.6
        D:4 |      18 |     174 |  90.6 |       4 |       3 |  42.9
        D:5 |     968 |     212 |  18.0 |      20 |       6 |  23.1
        D:6 |     878 |       0 |   0.0 |      30 |       0 |   0.0
        D:7 |     906 |     133 |  12.8 |      17 |       1 |   5.6
        D:8 |     866 |       0 |   0.0 |      22 |       0 |   0.0
        D:9 |    3484 |    1769 |  33.7 |      21 |      42 |  66.7
       D:10 |    1563 |      31 |   1.9 |       8 |       4 |  33.3
      Sewer |       0 |     148 | 100.0 |       0 |       4 | 100.0
     Bailey |       0 |     761 | 100.0 |       0 |      19 | 100.0
            +---------+---------+-------+---------+---------+-------

Skill      XL: |  1  2  3  4  5  6  7  8  9 10 |
---------------+-------------------------------+-----
Spellcasting   | 3 4 5 6 8 11 13 16 | 16.0
Necromancy     | 5 6 7 8 9 11 | 11.6
Dodging        | |  1.5
Stealth        | |  1.5

Action                     |  1- 3 |  4- 6 |  7- 9 | 10-12 || total
---------------------------+-------+-------+-------+-------++-------
  Melee: Unarmed           |    27 |       |       |       ||    27
         Dagger            |       |    33 |    82 |    86 ||   201
         Punch             |       |       |     1 |       ||     1
   Cast: Necrotise         |    58 |    53 |   100 |    96 ||   307
         Vampiric Draining |       |    11 |    89 |    65 ||   165
         Agony             |       |     1 |     1 |     8 ||    10
         Stone Arrow       |       |       |       |     5 ||     5
         Animate Dead      |       |       |       |     3 ||     3
  Evoke: Wand              |       |       |    15 |     6 ||    21
    Use: Scroll            |     2 |     5 |     4 |     4 ||    15
   Stab: Distracted        |       |       |     1 |       ||     1
         Sleeping          |       |       |       |     1 ||     1
 Armour: Robe              |    11 |     8 |     5 |       ||    24
         Leather armour    |       |       |   106 |    97 ||   203
  Dodge: Dodged            |    43 |    35 |   164 |   117 ||   359
         Repelled          |       |       |       |     1 ||     1

Illustrated notes

Table legend:
 A = Kills in this place as a percentage of kills in the entire game.
 B = Kills by you in this place as a percentage of kills by you in the entire game.
 C = Kills by friends in this place as a percentage of kills by friends in the entire game.
 D = Other kills in this place as a percentage of other kills in the entire game.
 E = Experience gained in this place as a percentage of experience gained in the entire game.
 F = Experience gained in this place divided by the number of levels of this place that you have seen.
                   A       B       C       D       E      F
               +-------+-------+-------+-------+-------+----------------------
         Total | 100.0 | 100.0 | 100.0 |   N/A | 100.0 | 934.5
       Dungeon |  91.6 |  91.1 | 100.0 |   N/A |  92.5 | 1123.9
         Sewer |   1.5 |   1.6 |   0.0 |   N/A |   1.2 | 148.0
        Bailey |   7.0 |   7.4 |   0.0 |   N/A |   6.3 | 761.0
               +-------+-------+-------+-------+-------+----------------------

Table legend: (Time is in decaauts)
 A = Elapsed time spent in this place.
 B = Non-inter-level travel time spent in this place.
 C = Inter-level travel time spent in this place.
 D = Time resting spent in this place.
 E = Time spent auto-exploring this place.
 F = Levels seen in this place.
 G = Mean time per level.
                   A        B        C        D        E       F      G
               +--------+--------+--------+--------+--------+-----+--------+
         Total |  12348 |  11998 |    350 |    574 |   8921 |  13 |  949.8 |
       Dungeon |  11452 |  11102 |    350 |    414 |   8639 |  10 | 1145.2 |
        Temple |     18 |     18 |      0 |      0 |      0 |   1 |   18.0 |
         Sewer |    148 |    148 |      0 |      0 |     82 |   1 |  148.0 |
        Bailey |    728 |    728 |      0 |    160 |    200 |   1 |  728.0 |
               +--------+--------+--------+--------+--------+-----+--------+

Top non-repeatable levels by time:
     D:9: 1999 daAuts
     D:6: 1435 daAuts
     D:8: 1258 daAuts
     D:5: 1201 daAuts
     D:4: 1127 daAuts
     D:3: 1123 daAuts
     D:7: 1000 daAuts
     D:1: 984 daAuts
    D:10: 746 daAuts
  Bailey: 728 daAuts
     D:2: 574 daAuts
   Sewer: 148 daAuts
  Temple: 18 daAuts
